 Dungeon Crawl Stone Soup version bcrawl-1.19.2-6-g6a88ae04c9 (webtiles) character file.

Game seed: 4393682823450380837

4486 Mrkan the Shield-Bearer (level 10, -1/102 HPs)
             Began as a Troll Fighter on Dec 21, 2019.
             Was an Elder of Wu Jian.
             Killed from afar by an electric eel (7 damage)
             ... with a bolt of electricity
             ... on level 7 of the Dungeon.
             The game lasted 00:13:19 (5501 turns).

Mrkan the Shield-Bearer (Troll Fighter)             Turns: 5501, Time: 00:13:20

Health: -1/102     AC:  8    Str: 28    XL:     10   Next: 16%
Magic:  9/9        EV: 10    Int: 11    God:    Wu Jian [****..]
Gold:   622        SH: 14    Dex: 13    Spells: 9/9 levels left

rFire    + + .     SeeInvis .   D - +9 hand axe "Paosmim" {chop, *Noise rF++ Int+3 Dex+4}
rCold    . . .     Gourm    +   a - +1 shield
rNeg     . . .     Faith    .   (armour unavailable)
rPois    +         Spirit   .   (helmet restricted)
rElec    .         Reflect  +   (no cloak)
rCorr    .         Harm     .   (gloves unavailable)
MR       .....                  (boots unavailable)
Stlth    +.........             p - +2 amulet of reflection
HPRegen  0.67/turn              j - ring of poison resistance
MPRegen  0.11/turn              C - +2 ring of strength

@: no status effects
A: large, almost no armour, unfitting armour, claws 3, fast metabolism 3,
gourmand, regeneration 1, AC +8
a: Wall Jump, Serpent's Lash, Heavenly Storm, Renounce Religion


You were on level 7 of the Dungeon.
You worshipped Wu Jian.
Wu Jian was greatly pleased with you.
You were completely stuffed.

You visited 1 branch of the dungeon, and saw 7 of its levels.
You also visited: Ossuary.

You collected 622 gold pieces.

Inventory:

Hand Weapons
 v - a +4 hand axe of flaming
 D - the +9 hand axe "Paosmim" (weapon) {chop, *Noise rF++ Int+3 Dex+4}
   (You found it on level 5 of the Dungeon)

   It inflicts extra damage upon your enemies.
   It affects your intelligence (+3).
   It affects your dexterity (+4).
   It greatly protects you from fire.
   It may make noises in combat.
Missiles
 r - 2760 stones (quivered)
 s - a throwing net {!f}
Armour
 a - a +1 shield (worn)
Jewellery
 j - a ring of poison resistance (left claw)
 k - an uncursed ring of positive energy
 p - a +2 amulet of reflection (around neck)
 C - a +2 ring of strength (right claw)
 F - a cursed -2 ring of protection {unknown}
Wands
 y - a wand of acid (5)
Scrolls
 e - a scroll of immolation
 f - 8 scrolls of remove curse
 l - a scroll of enchant weapon
 n - 3 scrolls of fog {unknown}
 o - 4 scrolls of teleportation
 x - 3 scrolls of identify
Potions
 b - a potion of might
 d - 4 potions of agility
 g - 2 potions of curing
 h - 2 potions of heal wounds
 i - a potion of ambrosia {unknown}
 m - a potion of berserk rage {unknown}
 q - a potion of experience {unknown}
 t - 2 potions of invisibility
 u - a potion of flight {unknown}
 w - a potion of mutation {unknown}
 z - a potion of haste {unknown}
 A - a potion of cancellation {unknown}
 B - a potion of degeneration {unknown}
Comestibles
 c - 12 rations {!d}
 E - 3 chunks of flesh


   Skills:
 + Level 7.0 Fighting
 + Level 3.6 Axes
 - Level 2.4 Dodging
 * Level 7.5 Shields
 - Level 6.1 Unarmed Combat


You had 9 spell levels left.
You didn't know any spells.
Your spell library contained the following spells:

 Spells                   Type           Power        Failure   Level  Hunger
 Apportation              Tloc           #.....       43%         1    ##.....
 Summon Butterflies       Summ           #.......     43%         1    ##.....
 Beckoning                Tloc           #.........   82%         3    ####...
 Tukima's Dance           Hex            #.......     82%         3    ####...
 Invisibility             Hex            #.......     100%        6    #######


Dungeon Overview and Level Annotations

Branches:
Dungeon (7/12)             Temple (0/1) D:6
   Lair: D:7-9

Altars:
Cheibriados
Elyvilon
Trog
Wu Jian
Xom

Shops:
D:6 (


Innate Abilities, Weirdness & Mutations

You cannot wear most types of armour.
Your thick skin is tough. (AC +8)
You are too large for most types of armour.
You have claws for hands.
Your metabolism is lightning-fast.
You like to eat raw meat.
Your natural rate of healing is unusually fast.


Message History

The bolt of electricity hits the electric eel.
The electric eel completely resists.
The electric eel shoots out a bolt of lightning at you!
The bolt of electricity hits the electric eel.
The electric eel completely resists.
The bolt of electricity hits the plant.
The bolt of electricity misses you.
The electric eel shoots out a bolt of lightning at you!
The bolt of electricity hits the plant.
The bolt of electricity hits you!
* * * LOW HITPOINT WARNING * * *
You miss the electric eel.
The electric eel shoots out a bolt of lightning at you!
The bolt of electricity hits you!
* * * LOW HITPOINT WARNING * * *
The bolt of electricity hits you!
* * * LOW HITPOINT WARNING * * *
The bolt of electricity hits the electric eel.
The electric eel completely resists.
The electric eel shoots out a bolt of lightning at you!
The bolt of electricity hits the plant.
The bolt of electricity hits you!
You die...

..................≈♣≈≈≈≈≈≈♣
....####.#####....≈≈≈≈P≈≈≈
....# #....≈≈≈≈≈≈≈≈≈ ....#
. #.##≈≈≈≈P≈≈≈≈≈ ....# .##
#.##♣♣P♣≈≈≈≈ ....# ..# #.#
P≈≈≈≈ # #.###.# ♣≈≈≈≈≈
.#########..##.##;♣ ≈≈
............##..@♣
##..........##.#.≈P;P;≈≈
#.....)..).##.##≈≈≈;≈≈≈
##..........#.# ≈≈≈≈≈≈≈ .
#........#.#.# #♣♣≈≈≈≈ .
##.......#.#.###♣♣≈P≈≈
#....†..#.#....≈P≈♣≈≈
#.......#......P♣ ≈P
#.).)...##......♣


You could see 4 electric eels.

Vanquished Creatures
  A two-headed ogre (D:6)
  Prince Ribbit (D:6)
  Grinder (D:5)
  A hippogriff (D:5)
  Sigmund (D:2)
  2 wraiths (Ossuary)
  Duvessa (D:5)
  An orc warrior (D:6)
  A black bear (D:6)
  4 centaurs
  5 ogres
  2 bullfrogs
  A big kobold (D:7)
  A wyvern skeleton (D:7)
  Dowan (D:5)
  3 scorpions
  6 killer bees (D:7)
  2 wights (Ossuary)
  A bullfrog zombie (D:5)
  2 quasits
  3 hounds
  A centaur zombie (Ossuary)
  2 orc priests
  3 orc wizards
  2 bullfrog skeletons (D:5)
  A centaur skeleton (D:5)
  Jessica (D:3)
  4 iguanas
  Terence (D:3)
  3 worker ants
  A hound skeleton (D:2)
  9 gnolls
  6 adders
  4 shadow imps (D:5)
  3 oozes
  2 adder skeletons
  3 adder zombies
  3 dart slugs
  2 leopard geckos
  16 orcs
  A giant cockroach (D:2)
  4 goblins
  12 hobgoblins
  4 jackals (D:6)
  13 kobolds
  6 quokkas
  A ball python (D:1)
  3 ball python skeletons (Ossuary)
  10 bats
  4 frilled lizards
  2 hobgoblin skeletons (Ossuary)
  2 hobgoblin zombies (Ossuary)
  2 jackal skeletons
  An orc zombie (Ossuary)
  10 rats
183 creatures vanquished.

Vanquished Creatures (others)
  A kobold (D:7)
  A plant (D:7)
2 creatures vanquished.

Grand Total: 185 creatures vanquished

Notes
Turn   | Place    | Note
-------+----------+-------------------------------------------
     0 | D:1      | Mrkan the Troll Fighter began the quest for the Orb.
     0 | D:1      | Reached XP level 1. HP: 22/22 MP: 0/0
   147 | D:1      | Reached XP level 2. HP: 29/29 MP: 1/1
   649 | D:1      | Reached XP level 3. HP: 36/36 MP: 2/2
   914 | D:2      | Found an ornate altar of the Wu Jian Council.
   924 | D:2      | Became a worshipper of the Wu Jian Council
  1026 | D:2      | Noticed Sigmund
  1033 | D:2      | Killed Sigmund
  1033 | D:2      | Gained mutation: Your natural rate of healing is unusually
                  | fast. [Troll growth]
  1033 | D:2      | Reached XP level 4. HP: 26/45 MP: 3/3
  1033 | D:2      | Reached XP level 5. HP: 30/53 MP: 4/4
  1276 | D:2      | Found a bloodstained altar of Trog.
  1348 | D:2      | Reached * piety under Wu Jian
  1556 | D:3      | Found a bloodstained altar of Trog.
  1606 | D:3      | Reached XP level 6. HP: 34/61 MP: 5/5
  1725 | D:3      | Noticed Terence
  1734 | D:3      | Reached skill level 5 in Unarmed Combat
  1743 | D:3      | Killed Terence
  1889 | D:3      | Noticed Jessica
  1915 | D:3      | Killed Jessica
  2007 | D:3      | Reached XP level 7. HP: 67/68 MP: 6/6
  2663 | D:4      | Reached ** piety under Wu Jian
  2975 | D:5      | Entered Level 5 of the Dungeon
  3027 | D:5      | Found a sand-covered staircase.
  3041 | Ossuary  | Entered an ossuary
  3169 | Ossuary  | Noticed a wraith
  3169 | Ossuary  | Noticed a flying skull
  3206 | Ossuary  | Noticed a flying skull
  3226 | Ossuary  | Noticed a flying skull
  3232 | Ossuary  | Noticed a wraith
  3242 | Ossuary  | Killed a wraith
  3283 | Ossuary  | Noticed a wraith
  3297 | Ossuary  | Killed a wraith
  3297 | Ossuary  | Reached XP level 8. HP: 69/79 MP: 7/7
  3482 | D:5      | Noticed Grinder
  3487 | D:5      | Paralysed by Grinder for 2 turns
  3502 | D:5      | Killed Grinder
  3502 | D:5      | Reached skill level 5 in Fighting
  3502 | D:5      | Reached skill level 5 in Shields
  3728 | D:5      | Found a shimmering altar of Xom.
  3776 | D:5      | Got an ancient hand axe
  3932 | D:5      | Noticed Dowan
  3933 | D:5      | Noticed Duvessa
  3941 | D:5      | Killed Dowan
  3943 | D:5      | Killed Duvessa
  4107 | D:5      | Identified the +9 hand axe "Paosmim" {chop, *Noise rF++
                  | Int+3 Dex+4} (You found it on level 5 of the Dungeon)
  4160 | D:6      | Noticed a hippogriff
  4171 | D:5      | Killed a hippogriff
  4171 | D:5      | Reached XP level 9. HP: 74/89 MP: 8/8
  4173 | D:5      | Reached skill level 1 in Axes
  4197 | D:6      | Noticed a two-headed ogre
  4203 | D:6      | Reached *** piety under Wu Jian
  4204 | D:6      | Killed a two-headed ogre
  4232 | D:6      | Noticed Prince Ribbit
  4377 | D:6      | Killed Prince Ribbit
  4492 | D:6      | Found a snail-covered altar of Cheibriados.
  4505 | D:6      | Found a staircase to the Ecumenical Temple.
  4558 | D:6      | Found Juicwux's Weapon Emporium.
  4715 | D:6      | Found a snail-covered altar of Cheibriados.
  5030 | D:7      | Reached XP level 10. HP: 100/100 MP: 9/9
  5086 | D:7      | Found a white marble altar of Elyvilon.
  5181 | D:7      | Reached **** piety under Wu Jian
  5352 | D:7      | HP: 5/102 [electric eel/bolt of electricity (9)]
  5501 | D:7      | Killed from afar by an electric eel

Skill      XL: |  1  2  3  4  5  6  7  8  9 10 |
---------------+-------------------------------+-----
Unarmed Combat | 4 5 6 |  6.1
Fighting       | 3 4 5 6 7 |  7.0
Shields        | 3 4 6 7 |  7.5
Axes           | 3 |  3.6
Dodging        | |  2.4

Action                   |  1- 3 |  4- 6 |  7- 9 | 10-12 || total
-------------------------+-------+-------+-------+-------++-------
Melee: Unarmed           |    84 |    97 |   184 |       ||   365
       Hand axe          |       |       |    93 |    42 ||   135
Invok: Lunge             |     4 |    13 |    13 |     3 ||    33
       Whirlwind         |       |     8 |    19 |    13 ||    40
  Use: Scroll            |       |       |    16 |       ||    16
       Potion            |       |       |     1 |     1 ||     2
 Stab: Distracted        |     1 |       |     1 |       ||     2
  Eat: Chunk             |    12 |     6 |    18 |     4 ||    40
Armor: Skin              |    37 |    22 |    54 |     9 ||   122
Dodge: Dodged            |    19 |    19 |    87 |    20 ||   145
Block: Shield            |    46 |    34 |   131 |    42 ||   253
       Reflection        |       |       |     8 |     4 ||    12
